 Dungeon Crawl Stone Soup version 0.25.1-11-g244df3a29b (webtiles) character file.

Game seed: 18145786846072021754

760 DeepDeath the Cudgeler (level 7, -1/43 HPs)
             Began as a Gargoyle Abyssal Knight on Jan 17, 2024.
             Was a Priest of Lugonu.
             Slain by a black bear (10 damage)
             ... on level 4 of the Dungeon.
             The game lasted 00:15:38 (4174 turns).

DeepDeath the Cudgeler (Gargoyle Abyssal Knight)    Turns: 4174, Time: 00:15:39

Health: -1/43      AC: 10    Str: 17    XL:     7   Next: 80%
Magic:  8/8        EV: 10    Int: 13    God:    Lugonu [***...]
Gold:   192        SH:  0    Dex:  9    Spells: 6/6 levels left

rFire    . . .     SeeInvis .   w - +1 whip (freeze)
rCold    . . .     Gourm    .   (no shield)
rNeg     + . .     Faith    .   f - +0 ring mail
rPois    ∞         Spirit   .   (no helmet)
rElec    +         Reflect  .   (no cloak)
rCorr    .         Harm     .   (no gloves)
MR       .....                  (no boots)
Stlth    ..........             (no amulet)
HPRegen  0.14/turn              (no ring)
MPRegen  0.11/turn              (no ring)

@: no status effects
A: negative energy resistance 1, electricity resistance, unbreathing,
petrification resistance, rot immunity, AC +4
a: Depart the Abyss, Bend Space, Banish, Renounce Religion


You were on level 4 of the Dungeon.
You worshipped Lugonu.
Lugonu was most pleased with you.
You were not hungry.

You visited 1 branch of the dungeon, and saw 5 of its levels.
You visited the Abyss 1 time.

You collected 192 gold pieces.

Inventory:

Hand Weapons
 a - a +1 mace
 q - a +3 hunting sling
 s - a +1 flail
 u - a +0 hunting sling
 v - a +0 war axe
 w - a +1 whip of freezing (weapon)
Missiles
 d - 48 stones
 x - 18 sling bullets
 D - 11 poisoned darts (quivered)
 J - 7 javelins
Armour
 f - a +0 ring mail (worn)
 o - a +1 scale mail
Scrolls
 e - a scroll of amnesia
 l - a scroll of fear
 m - a scroll of magic mapping
 n - 2 scrolls of remove curse
Potions
 b - a potion of mutation
 g - 2 potions of brilliance
 i - a potion of curing {unknown}
 j - a potion of resistance
 k - a potion of lignification {unknown}
 p - 2 potions of might {unknown}
 r - 2 potions of stabbing
Comestibles
 c - 9 rations
 h - a chunk of flesh


   Skills:
 + Level 4.2 Fighting
 * Level 7.7 Maces & Flails
 + Level 1.4 Throwing
 - Level 3.0 Armour
 - Level 1.0 Dodging
 - Level 2.0 Invocations


You had 6 spell levels left.
You didn't know any spells.
Your spell library contained the following spells:

 Spells                   Type           Power        Failure   Level  Hunger
 Sandblast                Erth           #.....       50%         1    ##.....
 Passwall                 Tmut/Erth      #.......     63%         2    ###....
 Stone Arrow              Conj/Erth      #.....       86%         3    ####...
 Petrify                  Tmut/Erth      #.......     99%         4    #####..
 Lee's Rapid Deconstruct  Erth           #.........   100%        5    ######.


Dungeon Overview and Level Annotations

Branches:
Dungeon (5/15)             Temple (0/1) D:4

Altars:
Okawaru
Ru

Shops:
D:4 *

Annotations:
D:3 Edmund
D:5 Dowan, Duvessa


Innate Abilities, Weirdness & Mutations

You are resistant to torment.
Your stone body is resilient. (AC +4)
You are immune to poison.
You resist negative energy. (rN+)
You are resistant to electric shocks. (rElec)
You can survive without breathing.
You are immune to petrification.
You are immune to rotting.


Message History

The black bear claws you but does no damage.
You are too injured to fight recklessly!
You are too injured to fight recklessly!
You are too injured to fight recklessly!
You barely miss the black bear.
The black bear is severely wounded.
The black bear bites you but does no damage.
The black bear claws you.
* * * LOW HITPOINT WARNING * * *
The black bear barely misses you.
You closely miss the black bear.
The black bear is severely wounded.
The black bear bites you but does no damage.
The black bear claws you.
* * * LOW HITPOINT WARNING * * *
The black bear closely misses you.
You hit the black bear. You freeze the black bear.
The black bear is almost dead.
The black bear bites you!
You die...

#..................#...#...#
#.................##.......#
#.................####._.###
#...#######..##'####.......#
#...##..###..##....#...#...#
#.......#.....#....#...#...#
#.......#.....#....'#######+
#.......#..h..#.............
######.......#..@[.#...#..)...#..
#............#.....'...#......#..
#.###........#.....#...'......#..
.............#.....#...#......#..
.###...###.#.####.######......###
.# #...# #...####(##...##.......#
.###...###..............#.......#
........................#.......#
........................#.......#


You could see a black bear (berserk).

Vanquished Creatures
  Purgy (D:3)
  An ogre (D:3)
  Blork the orc (D:4)
  A water moccasin skeleton (D:4)
  A centaur zombie (D:5)
  2 bullfrog zombies (D:5)
  3 orc wizards (D:4)
  2 worker ants (D:4)
  A hound skeleton (D:4)
  4 gnolls
  4 adders
  2 oozes
  3 dart slugs
  2 worms
  A leopard gecko (D:3)
  11 orcs
  7 giant cockroaches
  14 goblins
  15 hobgoblins
  9 jackals
  A quokka (D:2)
  2 ball pythons
  9 bats
  9 frilled lizards
  A jackal skeleton (D:4)
  13 kobolds
  2 rats (D:1)
122 creatures vanquished.

Notes
Turn   | Place    | Note
-------+----------+-------------------------------------------
     0 | Abyss:1  | DeepDeath the Gargoyle Abyssal Knight began the quest for
                  | the Orb.
     0 | Abyss:1  | Reached XP level 1. HP: 14/14 MP: 2/2
    77 | Abyss:1  | Noticed an angel
    85 | Abyss:1  | Noticed an ancient zyme
    87 | D:1      | Escaped the Abyss
   529 | D:1      | Reached XP level 2. HP: 3/19 MP: 3/3
   698 | D:1      | Reached * piety under Lugonu
   821 | D:1      | Reached skill level 3 in Maces & Flails
  1009 | D:1      | Reached XP level 3. HP: 20/23 MP: 4/4
  1385 | D:1      | Reached skill level 4 in Maces & Flails
  1559 | D:2      | Reached XP level 4. HP: 28/28 MP: 5/5
  1717 | D:2      | Reached ** piety under Lugonu
  2163 | D:2      | Reached skill level 5 in Maces & Flails
  2197 | D:2      | Found an iron altar of Okawaru.
  2202 | D:2      | Reached XP level 5. HP: 32/32 MP: 6/6
  2270 | D:3      | Found a faded altar of an unknown god.
  2333 | D:3      | Noticed Purgy
  2536 | D:3      | Noticed an ogre
  2540 | D:3      | Killed an ogre
  2540 | D:3      | Reached skill level 6 in Maces & Flails
  2665 | D:3      | Reached XP level 6. HP: 30/37 MP: 7/7
  2924 | D:3      | Reached *** piety under Lugonu
  3191 | D:3      | Killed Purgy
  3191 | D:3      | Reached skill level 7 in Maces & Flails
  3346 | D:4      | Noticed Edmund
  3395 | D:4      | Found a sacrificial altar of Ru.
  3457 | D:4      | Reached skill level 1 in Dodging
  3457 | D:4      | Reached XP level 7. HP: 35/41 MP: 8/8
  3557 | D:4      | Found a staircase to the Ecumenical Temple.
  3569 | D:4      | Reached skill level 1 in Throwing
  3586 | D:4      | Found Cutydghim's Commerce Corner.
  3816 | D:4      | Noticed Blork the orc
  3830 | D:4      | Killed Blork the orc
  3940 | D:5      | Entered Level 5 of the Dungeon
  3940 | D:5      | Noticed Dowan
  3942 | D:5      | Noticed Duvessa
  4174 | D:4      | Slain by a black bear

Illustrated notes

Levels and vault maps discovered:
D:1:      minmay_arrival_glassed_features, layout_rooms
D:2:      layout_rooms, kennysheep_flooded_box
D:3:      layout_rooms, chequers_ecumenical_altar_simple, uniq_purgy
D:4:      layout_gridville, nicolae_ru_great_annihilating_truth,
          minmay_temple_entry_trees, first_ration, minmay_misc_feat_cross,
          nicolae_alphabet_shops, uniq_edmund, uniq_blork_the_orc
D:5:      layout_rooms, nicolae_overflow_hidden_temple,
          lemuel_coloured_pillars_altar, grunt_dithmenos_shadows, uniq_duvessa

Skill      XL: |  1  2  3  4  5  6  7 |
---------------+----------------------+-----
Maces & Flails | 3 4 5 6 7 |  7.7
Dodging        | 1 |  1.0
Throwing       | 1 |  1.4
Armour         | 3 |  3.0
Fighting       | 4 |  4.2
Invocations    | |  2.0

Action                   |  1- 3 |  4- 6 |  7- 9 || total
-------------------------+-------+-------+-------++-------
Melee: Mace              |   125 |    81 |       ||   206
       Flail             |       |   162 |    50 ||   212
       Whip              |       |       |    53 ||    53
Throw: Stone             |     1 |    11 |       ||    12
Invok: Depart the Abyss  |     1 |       |       ||     1
       Bend Space        |       |     1 |       ||     1
  Use: Potion            |     2 |     2 |       ||     4
       Scroll            |     2 |     8 |     3 ||    13
 Stab: Sleeping          |       |     4 |       ||     4
       Invisible         |       |     2 |       ||     2
  Eat: Chunk             |     1 |     8 |       ||     9
       Ration            |       |       |     1 ||     1
Armor: Leather armour    |   101 |    94 |       ||   195
       Ring mail         |       |    18 |    45 ||    63
Dodge: Dodged            |   134 |   168 |    53 ||   355
